 Dungeon Crawl Stone Soup version 0.20.0-6-gd3061e9 (webtiles) character file.

32 dvd the Cudgeler (level 3, 0/36 HPs)
             Began as a Troll Berserker on May 28, 2017.
             Was a Follower of Trog.
             Slain by a goblin (2 damage)
             ... led by Robin
             ... on level 2 of the Dungeon.
             The game lasted 00:01:35 (715 turns).

dvd the Cudgeler (Troll Berserker)                   Turns: 715, Time: 00:01:36

Health: 0/36       AC:  5    Str: 25    XL:     3   Next: 8%
Magic:  2/2        EV: 10    Int:  3    God:    Trog [*.....]
Gold:   39         SH:  0    Dex: 10    Spells: 2/2 levels left

rFire    . . .     SeeInvis .   a - +0 mace
rCold    . . .     Gourm    +   (no shield)
rNeg     . . .     Faith    .   b - +0 animal skin
rPois    .         Spirit   .   (helmet restricted)
rElec    .         Reflect  .   (no cloak)
rCorr    .         Harm     .   (gloves unavailable)
MR       ++...                  (boots unavailable)
Stlth    +.........             (no amulet)
Regen    1.6/turn               (no ring)
MPRegen  0.1/turn               (no ring)

@: lethally poisoned (0 -> 0), regenerating
A: unfitting armour, claws 3, fast metabolism 3, gourmand, regeneration 1,
shaggy fur 1, tough skin 2
a: Berserk, Burn Spellbooks, Renounce Religion


You were on level 2 of the Dungeon.
You worshipped Trog.
Trog was aware of your devotion.
You were very full.

You visited 1 branch of the dungeon, and saw 2 of its levels.

You collected 39 gold pieces.

Inventory:

Hand Weapons
 a - a +0 mace (weapon)
Armour
 b - a +0 animal skin (worn)
Scrolls
 d - 2 scrolls of magic mapping {unknown}
 g - 2 scrolls of amnesia {unknown}
 i - a scroll of fog {unknown}
 l - a scroll of identify {unknown}
 o - a scroll of teleportation {unknown}
Potions
 e - a potion of haste {unknown}
 f - a potion of curing {unknown}
 j - a potion of ambrosia {unknown}
 n - a potion of cancellation {unknown}
Comestibles
 c - 2 bread rations
 h - a meat ration
 k - 2 royal jellies
 m - 2 chunks of flesh


   Skills:
 + Level 2.7 Fighting
 + Level 3.1 Maces & Flails
 + Level 2.8 Dodging


You had 2 spell levels left.
You didn't know any spells.

Dungeon Overview and Level Annotations

Branches:
Dungeon (2/15)

Altars:

Annotations:
D:2 Robin


Innate Abilities, Weirdness & Mutations

You are too large for most types of armour.
You have claws for hands.
Your metabolism is lightning-fast.
You like to eat raw meat.
Your natural rate of healing is unusually fast.
You are covered in fur. (AC +1)
You have very tough skin. (AC +2)


Message History

You hit the adder.
The adder is severely wounded.
You feel sick. The adder barely misses you. The goblin closely misses you.
The adder closely misses you. The goblin hits you.
* * * LOW HITPOINT WARNING * * *
You completely miss the adder.
The adder is severely wounded.
You feel sick. The adder barely misses you.
The goblin hits you but does no damage. The adder bites you.
* * * LOW HITPOINT WARNING * * *
Unknown command.
Your skin crawls.
You feel resistant to hostile enchantments.
You can no longer call upon Trog for regeneration and protection from hostile enchantments.
You feel sick.
The goblin no longer looks unusually strong.
Robin throws the goblin at you!
* * * LOW HITPOINT WARNING * * *
The adder barely misses you. The goblin hits you.
You die...

........†..#####..
.........(........
.........)........
.......gg.........
.......gg.........
###..gg##########
####g# #S#
#@###############
#gg.............#
###############.#
#.# #.# #.## #...
#### #


You could see Robin, an adder, 3 hobgoblins and 5 goblins.

Vanquished Creatures
  A dart slug (D:1)
  A leopard gecko (D:1)
  A ball python (D:1)
  3 bats (D:1)
  3 giant cockroaches (D:1)
  4 goblins
  3 hobgoblins
  3 frilled lizards (D:1)
  5 kobolds
  A rat (D:1)
25 creatures vanquished.

Notes
Turn   | Place    | Note
-------+----------+-------------------------------------------
     0 | D:1      | dvd the Troll Berserker began the quest for the Orb.
     0 | D:1      | Reached XP level 1. HP: 22/22 MP: 0/0
    91 | D:1      | Reached XP level 2. HP: 21/29 MP: 1/1
   179 | D:1      | Reached skill level 3 in Maces & Flails
   693 | D:2      | Reached XP level 3. HP: 27/36 MP: 2/2
   696 | D:2      | Noticed Robin
   708 | D:2      | Reached ** piety under Trog
   715 | D:2      | Slain by a goblin

Skill      XL: |  1  2 |
---------------+-------+-----
Maces & Flails | 3 |  3.1
Fighting       | |  2.7
Dodging        | |  2.8

Action                   || total
-------------------------++-------
Melee: Mace              ||    88
Invok: Trog's Hand       ||     1
  Eat: Chunk             ||    12
Armor: Animal skin       ||    55
Dodge: Dodged            ||    67
